 Dungeon Crawl Stone Soup version 0.31-a0-986-g5e6e4ef867 (webtiles) character file.

Game seed: 17400222546806425019

620 pokeman the Thaumaturge (level 7, -4/38 HPs)
             Began as a Deep Elf Hedge Wizard on Nov 9, 2023.
             Slain by Menkaure (15 damage)
             ... on level 5 of the Dungeon.
             The game lasted 00:08:41 (5602 turns).

pokeman the Thaumaturge (Deep Elf Hedge Wizard)     Turns: 5602, Time: 00:08:41

Health: -4/38      AC: 10    Str:  7    XL:     7   Next: 22%
Magic:  11/20      EV: 12    Int: 21    God:
Gold:   276        SH:  0    Dex: 14    Spells: 9/22 levels left

rFire   + . .        v - +5 flail (heavy)
rCold   . . .        (no shield)
rNeg    . . .        m - +1 leather armour {rF+}
rPois   .            t - +0 helmet
rElec   .            (no cloak)
rCorr   .            h - +0 pair of gloves
SInv    .            (no boots)
Will    .....        (no amulet)
Stlth   ++           a - +4 ring of protection
HPRegen 0.26/turn    x - ring of wizardry
MPRegen 0.17/turn

%: wizardry (x1)
@: very slightly contaminated
A: no striking features
a: no special abilities


You were on level 5 of the Dungeon.
You visited 1 branch of the dungeon, and saw 5 of its levels.
You also visited: Sewer.

You collected 276 gold pieces.

Inventory:

Hand Weapons
 v - a +5 heavy flail (weapon)
Armour
 h - a +0 pair of gloves (worn)
 m - a +1 leather armour of fire resistance (worn)
 q - a +0 buckler
 t - a +0 helmet (worn)
Jewellery
 a - a +4 ring of protection (left hand)
 n - a ring of protection from cold
 s - a ring of resist corrosion
 x - a ring of wizardry (right hand)
Scrolls
 b - 2 scrolls of enchant armour {unknown}
 c - 3 scrolls of teleportation
 e - 4 scrolls of identify {unknown}
 l - 4 scrolls of revelation {unknown}
 o - a scroll of noise {unknown}
 p - 2 scrolls of fear {unknown}
 r - a scroll of immolation {unknown}
 u - a scroll of fog {unknown}
Potions
 d - a potion of magic
 f - 4 potions of enlightenment
 g - a potion of degeneration {unknown}
 i - a potion of mutation {unknown}
 j - 6 potions of heal wounds {unknown}
 k - 3 potions of curing {unknown}
 w - 5 potions of brilliance {unknown}


   Skills:
 - Level 1.0 Fighting
 - Level 1.0 Armour
 - Level 3.0 Dodging
 - Level 3.0 Stealth
 + Level 1.9 Shields
 * Level 8.1 Spellcasting
 + Level 3.9 Conjurations
 - Level 1.1 Summonings
 - Level 1.1 Translocations
 + Level 0.5 Transmutations
 - Level 1.0 Air Magic
 - Level 1.0 Poison Magic


You had 9 spell levels left.
You knew the following spells:

 Your Spells              Type           Power      Damage    Failure   Level
a - Magic Dart            Conj           100%       1d8       1%          1
b - Mephitic Cloud        Conj/Pois/Air  17%        N/A       6%          3
c - Call Imp              Summ           26%        N/A       4%          2
d - Blink                 Tloc           26%        N/A       4%          2
e - Irradiate             Conj/Tmut      8%         3d14      43%         5

Your spell library contained the following spells:

 Spells                   Type           Power      Damage    Failure   Level
 Momentum Strike          Conj/Tloc      38%        3d9       2%          2
 Slow                     Hex            32%        N/A       4%          1
 Lesser Beckoning         Tloc           26%        N/A       4%          2
 Cigotuvi's Dreadful Rot  Necr/Pois/Air  22%        N/A       5%          2
 Sublimation of Blood     Necr           8%         N/A       7%          2
 Petrify                  Tmut/Erth      9%         N/A       38%         4


Dungeon Overview and Level Annotations

Branches:
Dungeon (5/15)              Sewer (visited)
 Temple: D:4-7

Altars:
Cheibriados
Fedhas
Ru
Yredelemnul

Shops:
D:4 [

Annotations:
D:5 exclusion: 2 doors, Menkaure


Message History

Menkaure mumbles some strange words.
Menkaure seems to speed up.
Casting: Magic Dart (safe; 1% risk of failure)
Confirm with . or Enter, or press ? or * to list all spells.
Aiming: Magic Dart (safe; 1% risk of failure)
Press: ? - help, Shift-Dir - straight line, f/p - Menkaure
Aim: Menkaure (lightly damaged, fast, 100% to hit)
The magic dart hits Menkaure but does no damage.
Menkaure is lightly damaged.
Casting: Magic Dart (safe; 1% risk of failure)
Confirm with . or Enter, or press ? or * to list all spells.
Aiming: Magic Dart (safe; 1% risk of failure)
Press: ? - help, Shift-Dir - straight line, f/p - Menkaure
Aim: Menkaure (lightly damaged, fast, 100% to hit)
The magic dart hits Menkaure.
Menkaure is moderately damaged.
Casting: Magic Dart (safe; 1% risk of failure)
Confirm with . or Enter, or press ? or * to list all spells.
Aiming: Magic Dart (safe; 1% risk of failure)
Press: ? - help, Shift-Dir - straight line, f/p - Menkaure
Aim: Menkaure (moderately damaged, fast, 100% to hit)
The magic dart hits Menkaure.
Menkaure is moderately damaged.
Casting: Magic Dart (safe; 1% risk of failure)
Confirm with . or Enter, or press ? or * to list all spells.
Aiming: Magic Dart (safe; 1% risk of failure)
Press: ? - help, Shift-Dir - straight line, f/p - Menkaure
Aim: Menkaure (moderately damaged, fast, 100% to hit)
The magic dart hits Menkaure.
Menkaure is heavily damaged.
Menkaure hits you!
Unknown command.
Casting: Magic Dart (safe; 1% risk of failure)
Confirm with . or Enter, or press ? or * to list all spells.
You miscast Irradiate.
You are very lightly contaminated with residual magic.
Sparks fly from your hands!!
* * * LOW HITPOINT WARNING * * *
Menkaure hits you!
You die...

###############.#.
#..............<#.
#.################
#.# #.# #.# #.#
#.# #@# #)M......
#########


You could see Menkaure (fast).

Vanquished Creatures
  Edmund (D:5)
  2 hounds
  A jelly (D:4)
  4 iguanas
  A sickly merfolk siren (Sewer)
  A malarious merfolk avatar (Sewer)
  3 gnolls (D:5)
  8 adders
  4 river rats
  3 worms
  A dart slug (D:4)
  10 orcs
  4 endoplasms
  7 giant cockroaches
  7 goblins
  5 hobgoblins
  3 jackals (D:3)
  4 quokkas
  12 ball pythons
  6 bats
  9 frilled lizards
  A kobold (D:3)
  27 rats
124 creatures vanquished.

Vanquished Creatures (collateral kills)
  An adder (D:3)
  An endoplasm (D:3)
2 creatures vanquished.

Grand Total: 126 creatures vanquished

Notes
Turn   | Place    | Note
-------+----------+-------------------------------------------
     0 | D:1      | pokeman the Deep Elf Hedge Wizard began the quest for the
                  | Orb.
     0 | D:1      | Reached XP level 1. HP: 10/10 MP: 7/7
   329 | D:1      | Reached XP level 2. HP: 16/16 MP: 4/9
  1095 | D:2      | Reached skill level 5 in Spellcasting
  1255 | D:2      | Reached XP level 3. HP: 20/20 MP: 4/11
  1259 | D:2      | Learned a level 3 spell: Mephitic Cloud
  1262 | D:2      | Learned a level 2 spell: Call Imp
  1265 | D:2      | Learned a level 2 spell: Blink
  1552 | D:2      | Reached skill level 1 in Armour
  1635 | D:2      | Reached skill level 1 in Fighting
  2007 | D:3      | Reached XP level 4. HP: 23/25 MP: 2/13
  2736 | D:3      | Reached skill level 6 in Spellcasting
  2929 | D:3      | Found a snail-covered altar of Cheibriados.
  3206 | D:4      | Reached XP level 5. HP: 18/29 MP: 7/15
  3284 | D:4      | Found a blossoming altar of Fedhas.
  3400 | D:4      | Found Buhau's Armour Shop.
  3519 | D:4      | Reached skill level 1 in Poison Magic
  3695 | D:4      | Found a basalt altar of Yredelemnul.
  3695 | D:4      | Found a sacrificial altar of Ru.
  3818 | D:4      | Reached skill level 1 in Air Magic
  4069 | D:5      | Entered Level 5 of the Dungeon
  4109 | D:5      | Noticed Edmund
  4130 | D:5      | Killed Edmund
  4131 | D:5      | Reached skill level 1 in Shields
  4131 | D:5      | Reached skill level 7 in Spellcasting
  4131 | D:5      | Reached XP level 6. HP: 22/34 MP: 13/18
  4159 | D:5      | Found a glowing drain.
  4251 | Sewer    | Entered a sewer
  4877 | Sewer    | Reached XP level 7. HP: 38/38 MP: 16/20
  4885 | Sewer    | Reached skill level 8 in Spellcasting
  5190 | D:5      | Learned a level 5 spell: Irradiate
  5596 | D:5      | Noticed Menkaure
  5602 | D:5      | Slain by Menkaure

Illustrated notes

Levels and vault maps discovered:
D:1:      saegor_arrival_simple_c, layout_loops_ring
D:2:      layout_loops_corners, minivault_24
D:3:      layout_basic, slow_altar_1, minmay_box_of_dots
D:4:      layout_rooms, fedhas_ov_isle_minmay, nicolae_overflow_two_pavilions,
          serial_shops, shop
D:5:      layout_basic, cheibrodos_sewer_entry_sluice, uniq_menkaure,
          uniq_edmund, uniq_duvessa

Skill      XL: |  1  2  3  4  5  6  7 |
---------------+----------------------+-----
Spellcasting   | 5 6 7 8 |  8.1
Armour         | 1 |  1.0
Fighting       | 1 |  1.0
Conjurations   | 2 3 |  3.9
Dodging        | 3 |  3.0
Stealth        | 3 |  3.0
Poison Magic   | 1 |  1.0
Air Magic      | 1 |  1.0
Shields        | 1 |  1.9
Summonings     | |  1.1
Translocations | |  1.1
Transmutations | |  0.5

Action                     |  1- 3 |  4- 6 |  7- 9 || total
---------------------------+-------+-------+-------++-------
  Melee: Dagger            |     1 |       |       ||     1
         Flail             |    18 |    24 |     6 ||    48
         Punch             |       |     2 |       ||     2
   Cast: Magic Dart        |    78 |   173 |    35 ||   286
         Mephitic Cloud    |     4 |     5 |     3 ||    12
         Call Imp          |     1 |     1 |       ||     2
         Blink             |       |     1 |       ||     1
   Stab: Sleeping          |     1 |       |       ||     1
         Distracted        |       |     1 |       ||     1
         Confused          |       |     2 |     2 ||     4
 Armour: Robe              |    23 |     1 |       ||    24
         Leather armour    |       |    34 |    11 ||    45
         Skin              |       |     3 |       ||     3
  Dodge: Dodged            |    35 |    33 |     8 ||    76

Table legend: (Time is in decaauts)
 A = Elapsed time spent in this place.
 B = Non-inter-level travel time spent in this place.
 C = Inter-level travel time spent in this place.
 D = Time resting spent in this place.
 E = Time spent auto-exploring this place.
 F = Levels seen in this place.
 G = Mean time per level.
                   A        B        C        D        E       F      G
               +--------+--------+--------+--------+--------+-----+--------+
         Total |   5696 |   5603 |     93 |     76 |   4692 |   6 |  949.3 |
       Dungeon |   4784 |   4691 |     93 |     76 |   3963 |   5 |  956.8 |
         Sewer |    912 |    912 |      0 |      0 |    729 |   1 |  912.0 |
               +--------+--------+--------+--------+--------+-----+--------+

Top non-repeatable levels by time:
     D:3: 1222 daAuts
     D:2: 1179 daAuts
   Sewer: 912 daAuts
     D:4: 896 daAuts
     D:1: 804 daAuts
     D:5: 682 daAuts
